 Dungeon Crawl Stone Soup version 0.29.0-4-gdea44cf6ec (webtiles) character file.

Game seed: 6069051889682085278

45 qw the Chopper (level 3, -3/21 HPs)
             Began as a Tengu Warper on Aug 28, 2022.
             Slain by a gnoll
             ... wielding a +0 whip
              (5 damage)
             ... on level 2 of the Dungeon.
             The game lasted 00:00:06 (1121 turns).

qw the Chopper (Tengu Warper)                       Turns: 1121, Time: 00:00:06

Health: -3/21      AC:  6    Str: 13    XL:     3   Next: 64%
Magic:  7/7        EV: 11    Int: 13    God:
Gold:   72         SH:  0    Dex: 13    Spells: 6/6 levels left

rFire   . . .      SeeInvis .   Y - +0 hand axe
rCold   + . .      Faith    .   (no shield)
rNeg    . . .      Spirit   .   g - +1 ring mail {rC+}
rPois   .          Reflect  .   (helmet restricted)
rElec   .          Harm     .   (no cloak)
rCorr   .          Rampage  .   (no gloves)
Will    .....                   (boots unavailable)
Stlth   +.........              (no amulet)
HPRegen 0.07/turn               (no ring)
MPRegen 0.10/turn               (no ring)

@: no status effects
A: beak, talons 3
a: no special abilities


You were on level 2 of the Dungeon.
You visited 1 branch of the dungeon, and saw 2 of its levels.

You collected 72 gold pieces.


Innate Abilities, Weirdness & Mutations

You have a beak for a mouth.
You have claws for feet.


   Skills:
 - Level 2.0 Fighting
 + Level 4.3 Axes
 - Level 1.0 Throwing
 - Level 1.1 Armour
 - Level 2.1 Dodging
 - Level 2.0 Spellcasting
 - Level 2.4 Translocations


You had 6 spell levels left.
You didn't know any spells.
Your spell library contained the following spells:

 Spells                   Type           Power      Damage    Failure   Level
 Blink                    Tloc           14%        N/A       30%         2
 Gell's Gravitas          Tloc           7%         N/A       52%         3
 Lesser Beckoning         Tloc           7%         N/A       52%         3
 Teleport Other           Tloc           7%         N/A       52%         3
 Manifold Assault         Tloc           7%         N/A       99%         5

Inventory:

Hand Weapons
 i - a +0 whip
 Y - a +0 hand axe (weapon)
Armour
 g - a +1 ring mail of cold resistance (worn)
Scrolls
 a - a scroll of identify
Potions
 d - a potion of cancellation {unknown}
 f - a potion of lignification {unknown}
 h - a potion of flight {unknown}
 l - a potion of attraction {unknown}
 n - a potion of mutation {unknown}

Dungeon Overview and Level Annotations

Branches:
Dungeon (2/15)

Altars:

Annotations:
D:2 Jessica


Message History

You kill the quokka!
The gnoll hits you with a +0 whip.
You see here a +0 club.
You hit the gnoll. You claw the gnoll, but do no damage.
The gnoll is lightly wounded.
Jessica mumbles some strange words.
Jessica blinks!
You hit the gnoll. Your peck misses the gnoll.
The gnoll is moderately wounded.
You hit the gnoll. You hit the gnoll but do no damage.
The gnoll is moderately wounded.
You closely miss the gnoll. You hit the gnoll.
Jessica mumbles some strange words.
Jessica blinks!
The gnoll hits you with a +0 whip. x2
The gnoll completely misses you.
You barely miss the gnoll. You claw the gnoll.
The gnoll is almost dead.
You hit the gnoll. You hit the gnoll but do no damage.
The gnoll barely misses you. x3
You closely miss the gnoll. Your peck misses the gnoll.
The gnoll is almost dead.
You hit the gnoll. You barely miss the gnoll. The gnoll barely misses you.
The gnoll hits you with a +0 whip!
The gnoll closely misses you. x2; The gnoll hits you with a +0 whip. x2
You hit the gnoll but do no damage.
The gnoll is almost dead.
You hit the gnoll. You barely miss the gnoll.
The gnoll hits you with a +0 whip. The gnoll closely misses you.
The gnoll misses you.
You hit the gnoll but do no damage.
The gnoll is almost dead.
You hit the gnoll. x2
The gnoll hits you but does no damage. The gnoll misses you.
The gnoll hits you but does no damage.
You barely miss the gnoll. Your kick misses the gnoll.
The gnoll is almost dead.
You closely miss the gnoll. You hit the gnoll but do no damage.
The gnoll closely misses you. The gnoll hits you with a +0 whip.
You die...

.. . . .# ..
#######.#...
######...........
#................
#.......%gg......
#........@g.....#
#.:..............
#####.......$....
#............
#............
..............
##.............
......#####...


You could see 3 gnolls.

Vanquished Creatures
  An adder (D:2)
  A dart slug (D:1)
  2 bats (D:1)
  2 endoplasms (D:1)
  2 giant cockroaches (D:1)
  3 goblins
  2 hobgoblins
  4 jackals (D:1)
  3 quokkas
  3 ball pythons (D:1)
  2 kobolds (D:1)
  4 rats (D:1)
29 creatures vanquished.

Notes
Turn   | Place    | Note
-------+----------+-------------------------------------------
     0 | D:1      | qw the Tengu Warper began the quest for the Orb.
     0 | D:1      | Reached XP level 1. HP: 12/12 MP: 4/4
     0 | D:1      | 0 ||| qw: Version: 0.1-a-89-g26bdef1
     0 | D:1      | 0 ||| qw: Game counter: 1974
     0 | D:1      | 0 ||| qw: Always use a shield: true
     0 | D:1      | 0 ||| qw: God list: Okawaru
     0 | D:1      | 0 ||| qw: Allow faded altars: false
     0 | D:1      | 0 ||| qw: Do Orc after D:15 true
     0 | D:1      | 0 ||| qw: Do second Lair branch before Depths: true
     0 | D:1      | 0 ||| qw: Lair rune preference: random
     0 | D:1      | 0 ||| qw: Plans: Normal
     0 | D:1      | 0 ||| PLANNING D:1-11
   193 | D:1      | Reached XP level 2. HP: 17/17 MP: 6/6
   198 | D:1      | Reached skill level 3 in Axes
   253 | D:1      | 253 ||| Stepping ~*~*~tactically~*~*~ (stealth).
   347 | D:1      | Found a faded altar of an unknown god.
   608 | D:1      | Reached XP level 3. HP: 19/21 MP: 7/7
   866 | D:1      | Reached skill level 4 in Axes
   954 | D:1      | 954 ||| UPGRADING to +1 ring mail of cold resistance.
   964 | D:1      | 964 ||| DROPPING +0 leather armour.
   965 | D:1      | 965 ||| READING 2 scrolls labelled YLEGEX CUYZETZ.
   966 | D:1      | 966 ||| READING 2 scrolls labelled QIWKAL NYGI.
   967 | D:1      | 967 ||| READING scroll labelled EWYIDW ZEDODONG.
   968 | D:1      | 968 ||| READING scroll labelled CUTIMUATOT.
   971 | D:1      | 971 ||| DROPPING scroll of blinking.
   972 | D:1      | 972 ||| DROPPING scroll of poison.
  1109 | D:2      | Noticed Jessica
  1118 | D:2      | HP: 4/21 [gnoll/+0 whip (2)]
  1119 | D:2      | HP: 1/21 [gnoll/+0 whip (2)]
  1121 | D:2      | Slain by a gnoll

Levels and vault maps discovered:
D:1:      dpeg_arrival_stone_temple_mockup, layout_loops_corners,
          shapermc_ecumenical_altar_acropolis, minmay_tetromino_o2
D:2:      layout_basic, grunt_decor_cap, uniq_jessica

Skill      XL: |  1  2  3 |
---------------+----------+-----
Axes           | 3 4 |  4.3
Fighting       | |  2.0
Throwing       | |  1.0
Armour         | |  1.1
Dodging        | |  2.1
Spellcasting   | |  2.0
Translocations | |  2.4

Action                   || total
-------------------------++-------
Melee: Hand axe          ||    61
       Kick              ||    20
       Peck              ||     5
Throw: Boomerang         ||     7
  Use: Scroll            ||     4
Armor: Leather armour    ||    11
       Ring mail         ||     2
Dodge: Dodged            ||    40

Table legend:
 A = Non-vault XP
 B = Vault XP
 C = Vault XP percentage of total XP
 D = Non-vault monster count
 E = Vault monster count
 F = Vault count percentage of total count
                 A         B        C        D         E       F
            +---------+---------+-------+---------+---------+-------
      Total |      61 |       4 |   6.2 |      27 |       2 |   6.9
            +---------+---------+-------+---------+---------+-------
        D:1 |      41 |       4 |   8.9 |      23 |       2 |   8.0
        D:2 |      20 |       0 |   0.0 |       4 |       0 |   0.0
            +---------+---------+-------+---------+---------+-------
